 Dungeon Crawl Stone Soup version 0.27-a0-1217-g8a41f320e8 (webtiles) character file.

Game seed: 16898737228774234237

2914 bilbop the Basher (level 9, -3/79 HPs)
             Began as a Minotaur Hunter on June 5, 2021.
             Slain by a red devil
             ... wielding a +0 vampiric demon trident
             ... summoned by a kobold demonologist
              (22 damage)
             ... on level 5 of the Dungeon.
             The game lasted 00:33:24 (9179 turns).

bilbop the Basher (Minotaur Hunter)                 Turns: 9179, Time: 00:33:24

Health: -3/79      AC: 11    Str: 21    XL:     9   Next: 50%
Magic:  8/8        EV:  8    Int:  8    God:
Gold:   314        SH:  0    Dex: 10    Spells: 8/8 levels left

rFire    . . .     SeeInvis +   b - +0 whip
rCold    . . .     Faith    .   (no shield)
rNeg     . . .     Spirit   .   n - +0 chain mail
rPois    .         Reflect  .   (helmet restricted)
rElec    .         Harm     .   h - +0 cloak
rCorr    +         Rampage  .   (no gloves)
Will     .....                  (no boots)
Stlth    ..........             (no amulet)
HPRegen  0.23/turn              g - ring of resist corrosion
MPRegen  0.11/turn              k - ring of see invisible

@: no status effects
A: horns 2, retaliatory headbutt
a: no special abilities


You were on level 5 of the Dungeon.
You visited 2 branches of the dungeon, and saw 7 of its levels.
You also visited: Sewer.

You collected 314 gold pieces.

Inventory:

Hand Weapons
 a - a +1 hand crossbow
 b - a +0 whip (weapon)
Missiles
 d - 58 bolts
 y - a curare-tipped dart (quivered)
Armour
 h - a +0 cloak (worn)
 n - a +0 chain mail (worn)
Jewellery
 g - a ring of resist corrosion (left hand)
 k - a ring of see invisible (right hand)
 o - a +6 ring of intelligence
 E - an amulet of faith
Wands
 u - a wand of iceblast (14)
 v - a wand of polymorph (19)
Scrolls
 e - 2 scrolls of blinking
 p - 3 scrolls of teleportation
 t - a scroll of enchant weapon
 w - 2 scrolls of magic mapping {unknown}
 z - a scroll of vulnerability {unknown}
 C - a scroll of immolation {unknown}
 D - a scroll of acquirement {unknown}
 F - a scroll of holy word {unknown}
Potions
 c - a potion of ambrosia {unknown}
 i - a potion of haste
 j - 12 potions of curing
 l - a potion of mutation {unknown}
 q - a potion of might {unknown}
 x - 3 potions of flight
 A - a potion of heal wounds {unknown}
 B - a potion of invisibility {unknown}


   Skills:
 + Level 7.4 Fighting
 * Level 10.0 Maces & Flails
 + Level 7.8 Crossbows
 + Level 6.9 Armour
 - Level 2.1 Dodging
 - Level 0.7 Stealth


You had 8 spell levels left.
You didn't know any spells.
Your spell library contained the following spells:

 Spells                   Type           Power      Damage    Failure   Level
 Magic Dart               Conj           0%         1d3       98%         1
 Blink                    Tloc           N/A        N/A       99%         2
 Call Imp                 Summ           0%         N/A       99%         2
 Poisonous Vapours        Pois/Air       0%         N/A       99%         2
 Slow                     Hex            0%         N/A       99%         2
 Conjure Flame            Conj/Fire      0%         6-21      100%        3
 Mephitic Cloud           Conj/Pois/Air  0%         N/A       100%        3
 Freezing Cloud           Conj/Ice/Air   0%         6-21      100%        6


Dungeon Overview and Level Annotations

Branches:
Dungeon (6/15)             Temple (1/1) D:5           Sewer (visited)

Altars:
Ashenzari
Cheibriados
Dithmenos
Fedhas
Gozag
Hepliaklqana
Kikubaaqudgha
Makhleb
Nemelex Xobeh
Okawaru
Qazlal
Ru
Sif Muna
Uskayaw
Vehumet
Wu Jian
Xom
Zin
The Shining One


Innate Abilities, Weirdness & Mutations

You have a pair of horns on your head.
You reflexively headbutt those who attack you in melee.


Message History

The kobold brigand hits you with a +0 short sword.
The kobold brigand hits you with a +0 dagger.
The kobold demonologist gestures wildly while chanting.
Your chain mail prevents you from hitting the kobold demonologist.
The kobold demonologist is severely wounded.
The ufetubus completely misses you.
The ufetubus hits you but does no damage.
The shadow imp hits you.
The kobold brigand hits you but does no damage.
You whack the kobold demonologist!
The kobold demonologist is almost dead.
The ufetubus hits you but does no damage.
The ufetubus closely misses you.
The kobold brigand hits you but does no damage.
The red devil hits you from afar with a +0 vampiric demon trident.
The kobold demonologist hits you but does no damage.
The shadow imp hits you but does no damage.
You hit the kobold demonologist but do no damage.
The kobold demonologist is almost dead.
The kobold brigand hits you with a +0 short sword!
* * * LOW HITPOINT WARNING * * *
The ufetubus hits you.
* * * LOW HITPOINT WARNING * * *
The ufetubus hits you but does no damage.
You barely miss the kobold demonologist.
The kobold demonologist is almost dead.
The kobold brigand hits you but does no damage.
The kobold demonologist gestures wildly while chanting.
The red devil hits you from afar with a +0 vampiric demon trident.
* * * LOW HITPOINT WARNING * * *
The shadow imp barely misses you. You furiously retaliate!
You headbutt the shadow imp.
The ufetubus hits you but does no damage.
The ufetubus closely misses you.
You closely miss the kobold demonologist.
The kobold demonologist is almost dead.
The kobold brigand closely misses you. x2; The ufetubus completely misses you.
The ufetubus hits you but does no damage.
The red devil hits you from afar with a +0 vampiric demon trident!!
You die...

##..##...............#.......##
#..##................#.........
#..#.................#.........
##..........)).................
#............#................
###...##....[###.......###.....
#...........()4.......#####....
#...###.#.....5K......'...##...
####.#....##...K@4......'...##...
#....#...####..5K.......'...##...
.........####...###.....#####...#
##......###......#.......###...##
#................................
......#..........................
##...###......#...............##.
#...## ###.#####.......#...##....
....# #.##......###.#.#..#....


You could see an ice devil (summoned), a kobold demonologist, a red devil
(summoned), 2 kobold brigands, a shadow imp (summoned) and an ufetubus
(summoned).

Vanquished Creatures
  Grinder (D:3)
  5 humans (D:6)
  An ice beast (D:5)
  An ogre (D:2)
  A phantom (D:6)
  A bullfrog (D:6)
  6 kobold brigands
  A gnoll sergeant (D:5)
  2 scorpions (D:4)
  A howler monkey (D:4)
  4 hounds (D:5)
  2 jellies
  2 gnoll shamans (D:5)
  4 iguanas
  5 orc wizards
  Natasha (thrice) (D:2)
  A killer bee zombie (D:4)
  Robin (D:4)
  2 howler monkey skeletons
  18 gnolls
  4 river rats (Sewer)
  12 adders
  A shadow imp (D:5)
  2 worms
  3 dart slugs
  17 orcs
  4 bats
  8 endoplasms
  2 giant cockroaches
  17 goblins
  7 hobgoblins
  17 jackals
  4 quokkas
  16 ball pythons
  3 frilled lizards
  13 kobolds
  28 rats
220 creatures vanquished.

Notes
Turn   | Place    | Note
-------+----------+-------------------------------------------
     0 | D:1      | bilbop the Minotaur Hunter began the quest for the Orb.
     0 | D:1      | Reached XP level 1. HP: 18/18 MP: 0/0
   163 | D:1      | Found a faded altar of an unknown god.
   227 | D:1      | Reached skill level 1 in Maces & Flails
   227 | D:1      | Reached XP level 2. HP: 25/25 MP: 1/1
   260 | D:1      | Reached skill level 1 in Armour
   481 | D:1      | Reached XP level 3. HP: 30/30 MP: 2/2
   486 | D:1      | Reached skill level 2 in Maces & Flails
  1148 | D:2      | Noticed an ogre
  1477 | D:2      | Killed an ogre
  1478 | D:2      | Reached skill level 3 in Maces & Flails
  1478 | D:2      | Reached skill level 5 in Crossbows
  1478 | D:2      | Reached XP level 4. HP: 38/38 MP: 3/3
  1478 | D:2      | Reached XP level 5. HP: 45/45 MP: 4/4
  1595 | D:2      | Found an opulent altar of Gozag.
  1597 | D:2      | Noticed Natasha
  1602 | D:2      | Killed Natasha
  1819 | D:2      | Found an opulent altar of Gozag.
  1920 | D:2      | Noticed Natasha
  1926 | D:2      | Killed Natasha
  1927 | D:2      | Reached skill level 4 in Maces & Flails
  2177 | D:2      | Noticed Natasha
  2185 | D:2      | Killed Natasha
  2804 | D:3      | Found a sparkling altar of Nemelex Xobeh.
  2909 | D:3      | Reached XP level 6. HP: 52/52 MP: 5/5
  3116 | D:3      | Found a burning altar of Makhleb.
  3125 | D:3      | Found a stormy altar of Qazlal.
  3133 | D:3      | Found a sacrificial altar of Ru.
  3361 | D:3      | Noticed Grinder
  3394 | D:3      | Killed Grinder
  3395 | D:3      | Reached skill level 5 in Maces & Flails
  3664 | D:4      | Reached XP level 7. HP: 60/60 MP: 6/6
  3871 | D:4      | Reached skill level 6 in Maces & Flails
  4095 | D:4      | Reached skill level 5 in Fighting
  4452 | D:4      | Noticed Robin
  4481 | D:4      | Killed Robin
  4952 | D:5      | Entered Level 5 of the Dungeon
  4959 | D:5      | Found a glowing drain.
  4970 | Sewer    | Entered a sewer
  5207 | Sewer    | Reached skill level 7 in Maces & Flails
  5207 | Sewer    | Reached XP level 8. HP: 45/69 MP: 7/7
  5493 | Sewer    | Reached skill level 5 in Armour
  6395 | D:5      | Found a staircase to the Ecumenical Temple.
  6412 | Temple   | Entered the Ecumenical Temple
  6493 | D:5      | Reached skill level 8 in Maces & Flails
  8167 | D:6      | Reached XP level 9. HP: 55/78 MP: 8/8
  8336 | D:6      | Reached skill level 9 in Maces & Flails
  8485 | D:6      | HP: 1/79 [human/+0 club (6)]
  9150 | D:6      | Noticed a kobold demonologist
  9154 | D:6      | Reached skill level 10 in Maces & Flails
  9175 | D:5      | Noticed a red devil
  9179 | D:5      | Noticed an ice devil
  9179 | D:5      | Slain by a red devil

Illustrated notes

Levels and vault maps discovered:
D:1:      saegor_arrival_under_anarchy, layout_loops_ring,
          basic_ecumenical_altar
D:2:      layout_loops_ring, basic_altar, uniq_natasha
D:3:      layout_basic, general_overflow_altar, minitemple, uniq_grinder
D:4:      kennysheep_goblin_castle, layout_cave_pods
D:5:      layout_cave_pools, minmay_temple_entry_large_hall,
          portal_sewer_entry_a, serial_gnoll_camp, gnoll_camp_mini_hut,
          gnoll_camp_mini_doghouse, gnoll_camp_mini_loothouse,
          gnoll_camp_medium_02
D:6:      layout_loops_cross, minmay_ruffians
Temple:   eino_wide_crystal_templ

Skill      XL: |  1  2  3  4  5  6  7  8  9 |
---------------+----------------------------+-----
Maces & Flails | 1 3 4 5 7 8 10 | 10.0
Armour         | 1 2 3 4 6 |  6.9
Fighting       | 3 4 5 6 7 |  7.4
Crossbows      | 5 6 7 |  7.8
Dodging        | |  2.1
Stealth        | |  0.7

Action                   |  1- 3 |  4- 6 |  7- 9 || total
-------------------------+-------+-------+-------++-------
Melee: Headbutt          |     4 |     7 |    90 ||   101
       Short sword       |     1 |       |       ||     1
       Whip              |     6 |    53 |   563 ||   622
 Fire: Hand crossbow     |    66 |    64 |    97 ||   227
  Use: Scroll            |       |       |     5 ||     5
Armor: Leather armour    |     9 |     4 |       ||    13
       Chain mail        |       |    16 |   314 ||   330
       Skin              |       |       |    35 ||    35
Dodge: Dodged            |    12 |    21 |   235 ||   268

Table legend: (Time is in decaauts)
 A = Elapsed time spent in this place.
 B = Non-inter-level travel time spent in this place.
 C = Inter-level travel time spent in this place.
 D = Time resting spent in this place.
 E = Time spent auto-exploring this place.
 F = Levels seen in this place.
 G = Mean time per level.
                   A        B        C        D        E       F      G
               +--------+--------+--------+--------+--------+-----+--------+
         Total |   9043 |   8845 |    198 |   2451 |   4701 |   8 | 1130.4 |
       Dungeon |   7506 |   7330 |    176 |   1508 |   4601 |   6 | 1251.0 |
        Temple |    478 |    456 |     22 |    402 |     50 |   1 |  478.0 |
         Sewer |   1059 |   1059 |      0 |    541 |     49 |   1 | 1059.0 |
               +--------+--------+--------+--------+--------+-----+--------+

Top non-repeatable levels by time:
     D:4: 1567 daAuts
     D:5: 1404 daAuts
     D:2: 1337 daAuts
     D:3: 1230 daAuts
   Sewer: 1059 daAuts
     D:1: 1004 daAuts
     D:6: 962 daAuts
  Temple: 478 daAuts
